 Dungeon Crawl Stone Soup version 0.16-a0-3272-g378764d (webtiles) character file.

98 LogicNinja the Chopper (level 4, -12/42 HPs)
             Began as a Naga Fighter on Feb 3, 2015.
             Mangled by a gnoll
             ... wielding a +0 halberd
              (16 damage)
             ... on level 3 of the Dungeon.
             The game lasted 00:02:48 (2207 turns).

LogicNinja the Chopper (Naga Fighter)               Turns: 2207, Time: 00:02:48

Health: -12/42     AC:  4    Str: 18    XL:     4   Next: 71%
Magic:  4/4        EV:  7    Int:  9    God:
Gold:   109        SH:  0    Dex: 11    Spells: 0 memorised, 3 levels left

rFire  . . .     SeeInvis +     a - +0 war axe
rCold  . . .     Clarity  .     b - +0 scale mail
rNeg   . . .     SustAb   .     (no shield)
rPois  +         Gourm    .     (no helmet)
rElec  .         Spirit   .     (no cloak)
rCorr  .         Warding  .     (no gloves)
rMut   .         Stasis   .     (no barding)
MR     .....                    (no amulet)
Stlth  ..........               (no ring)
                                (no ring)

@: very slow, not resistant to hostile enchantments, extremely unstealthy
A: spit poison, see invisible, deformed body, poison resistance, slowness 2, AC
+1
a: Spit Poison


You were on level 3 of the Dungeon.
You were hungry.

You visited 1 branch of the dungeon, and saw 3 of its levels.

You collected 109 gold pieces.

Inventory:

Hand weapons
 a - a +0 war axe (weapon)
Armour
 b - a +0 scale mail (worn)
 c - a +0 shield
Magical devices
 o - a wand of random effects (24)
Scrolls
 f - a scroll of identify
 g - 2 scrolls of immolation {unknown}
 h - a scroll of noise {unknown}
 i - a scroll of remove curse
 l - a scroll of recharging {unknown}
 m - a scroll of magic mapping {unknown}
 n - a scroll of teleportation {unknown}
Potions
 e - a potion of might
 j - a potion of brilliance
 k - a potion of lignification
Comestibles
 d - 3 bread rations


   Skills:
 - Level 3.0 Fighting
 * Level 4.7 Axes
 - Level 2.4 Armour
 - Level 2.4 Shields


You had 3 spell levels left.
You didn't know any spells.

Dungeon Overview and Level Annotations

Branches:
Dungeon (3/15)

Altars:
Makhleb


Innate Abilities, Weirdness & Mutations

You cannot wear boots.
You can spit poison.
Your serpentine skin is tough (AC +1).
You have supernaturally acute eyesight.
Armour fits poorly on your strangely shaped body.
Your system is resistant to poisons.
You cover ground very slowly.


Message History

The gnoll hits you from afar with a halberd!
The gnoll hits you with a flail.
* * * LOW HITPOINT WARNING * * *
The gnoll barely misses you.
You hit the gnoll.
The gnoll is almost dead.
You completely miss the gnoll. You slash the gnoll!
The gnoll is heavily wounded.
The gnoll completely misses you. The gnoll barely misses you.
The gnoll hits you but does no damage. The gnoll hits you with a flail.
* * * LOW HITPOINT WARNING * * *
The gnoll hits you.
* * * LOW HITPOINT WARNING * * *
You are too injured to fight recklessly!
Unknown command.
There is a stone staircase leading up here.
The gnoll hits you!
* * * LOW HITPOINT WARNING * * *
The gnoll hits you from afar with a halberd!
You die... #.......# #.........# +.........+ #.........# #.......# #.....# #ggg#

#g# #@# ##.########
#.######
#.....<...###......#
#..######.##.†.###.#
................#
##..###.##.........
# #.###..#.#.## ..#
##.### # ...# ...


You could see 4 gnolls.

Vanquished Creatures
  A giant frog skeleton (D:1)
  A gnoll (D:1)
  2 adders (D:2)
  3 goblins
  7 hobgoblins
  2 quokkas
  6 bats
  2 giant cockroaches
  2 giant geckos (D:2)
  5 giant newts
  7 kobolds
  8 rats
46 creatures vanquished.

Notes
Turn   | Place    | Note
--------------------------------------------------------------
     0 | D:1      | LogicNinja, the Naga Fighter, began the quest for the Orb.
     0 | D:1      | Reached XP level 1. HP: 21/21 MP: 1/1
   372 | D:1      | Reached XP level 2. HP: 12/28 MP: 2/2
   951 | D:1      | Reached XP level 3. HP: 8/34 MP: 3/3
  1090 | D:1      | HP: 1/34 [gnoll/spear (4)]
  1096 | D:1      | Reached skill level 4 in Axes
  1096 | D:1      | Reached XP level 4. HP: 11/42 MP: 4/4
  1375 | D:2      | Found a burning altar of Makhleb.
  2207 | D:3      | Mangled by a gnoll

Action                   |  1- 3 |  4- 6 || total
-------------------------+-------+-------++-------
Melee: War axe           |    75 |    81 ||   156
 Abil: Spit Poison       |     2 |     1 ||     3
  Use: Scroll            |     2 |     2 ||     4
       Potion            |     1 |       ||     1
  Eat: Chunk             |       |     4 ||     4
